 Dungeon Crawl Stone Soup version 0.32-a0-136-gc02482bde3 (webtiles) character file.

Game seed: 2907472439855643792

2 CougarLife the Caller (level 1, 6/13 HPs)
             Began as a Merfolk Summoner on Feb 10, 2024.
             Quit the game on level 1 of the Dungeon.
             The game lasted 00:00:25 (83 turns).

CougarLife the Caller (Merfolk Summoner)              Turns: 83, Time: 00:00:26

Health: 6/13       AC:  2    Str:  8    XL:     1   Next: 40%
Magic:  1/3        EV: 12    Int: 14    God:
Gold:   0          SH:  0    Dex: 14    Spells: 3/4 levels left

rFire   . . .        (no weapon)
rCold   . . .        (no shield)
rNeg    . . .        a - +0 robe
rPois   .            (no helmet)
rElec   .            (no cloak)
rCorr   .            (no gloves)
SInv    .            (no boots)
Will    .....        (no amulet)
Stlth   ++           (no ring)
HPRegen 0.22/turn    (no ring)
MPRegen 0.08/turn

%: no passive effects
@: no status effects
A: (nimble swimmer 2), mertail
a: no special abilities


You were on level 1 of the Dungeon.
You visited 1 branch of the dungeon, and saw 1 of its levels.

Inventory:

Armour
 a - a +0 robe (worn)
Potions
 b - a potion of magic


   Skills:
 - Level 2.6 Dodging
 - Level 2.1 Stealth
 + Level 2.1 Spellcasting
 + Level 4.0 Summonings


You had 3 spell levels left.
You knew the following spells:

 Your Spells              Type           Power      Damage    Failure   Level
a - Summon Small Mammal   Summ           48%        N/A       4%          1

Your spell library contained the following spells:

 Spells                   Type           Power      Damage    Failure   Level
 Call Imp                 Summ           24%        N/A       7%          2
 Call Canine Familiar     Summ           12%        N/A       13%         3
 Summon Blazeheart Golem  Fire/Summ      7%         N/A       71%         4
 Summon Lightning Spire   Summ/Air       7%         N/A       71%         4


Dungeon Overview and Level Annotations

Branches:
Dungeon (1/15)

Altars:


Innate Abilities, Weirdness & Mutations

((You are very nimble when in or above water. (Stealth+, EV+, Speed+++)))
Your lower body shifts to a powerful aquatic tail in water.


Message History

Your rat dies!
Your rat's corpse disappears in a puff of smoke!
There are monsters nearby!
A stone appears from out of your range of vision.
The stone misses your rat.
Your rat barely misses the jackal.
You barely miss the jackal.
The bat hits your rat but does no damage.
The jackal closely misses your rat. The jackal closely misses you.
The jackal bites your rat.
Your rat dies!
Your rat's corpse disappears in a puff of smoke!
The jackal bites you.
You hit the jackal but do no damage. The bat barely misses you.
The jackal closely misses you.
You hit the jackal but do no damage. The bat hits you but does no damage.
The jackal bites you. The bat barely misses you.
The jackal barely misses you. x2
The jackal bites you.
Your bat closely misses the jackal.
The jackal barely misses you. The jackal attacks as it pursues you!
The jackal closely misses you. The bat barely misses your bat.
Your bat closely misses the bat.
The bat barely misses you. The jackal barely misses you. x2
The bat hits you but does no damage. The bat closely misses your bat.
Your bat hits the bat. The jackal bites your bat.
The jackal closely misses your bat.
Your bat closely misses the jackal.
The bat hits you but does no damage. The jackal bites your bat.
Your bat dies!
Your bat's corpse disappears in a puff of smoke!
The bat hits you but does no damage. The jackal attacks as it pursues you!
The jackal bites you. The jackal barely misses you.
The jackal attacks as it pursues you! The jackal misses you.
The jackal attacks as it pursues you! The jackal bites you.
The jackal bites you but does no damage.
The bat attacks as it pursues you! The bat hits you but does no damage.
The bat misses you.
There are monsters nearby!
Are you sure you want to abandon this character and quit the game? (Confirm with "yes".)

≈≈≈≈≈#'#+#≈≈≈....#
###'##...+≈≈†....#
.....#...+≈≈~†...#
####.#+#'#≈~~..K.#
...#...#≈≈~≈....K#
.<.'.⌠.+~~~..⌠..h###
...'.⌠.+≈~≈..⌠.rh..#
...#...#≈≈≈~...b...#
####.###+#≈≈~..h@..#
..+ +≈≈~.....[# +##
+≈≈~....###
#≈≈~.....
≈≈≈≈~...#.#
≈≈≈≈≈...#.#
~~~~~...#.# ......#
.#


You could see a quokka, 3 jackals, a bat and 2 kobolds.

Vanquished Creatures
  A hobgoblin (D:1)
1 creature vanquished.

Vanquished Creatures (collateral kills)
  A jackal (D:1)
1 creature vanquished.

Grand Total: 2 creatures vanquished

Notes
Turn   | Place    | Note
-------+----------+-------------------------------------------
     0 | D:1      | CougarLife the Merfolk Summoner began the quest for the
                  | Orb.
     0 | D:1      | Reached XP level 1. HP: 13/13 MP: 3/3
    83 | D:1      | Quit the game

Illustrated notes

Levels and vault maps discovered:
D:1:      dpeg_arrival_castle, layout_basic, kennysheep_another_room

Action                     || total
---------------------------++-------
  Melee: Unarmed           ||    10
         Tailslap          ||     1
   Cast: Summon Small Mamm ||     6
 Armour: Robe              ||    14
  Dodge: Dodged            ||    17

Table legend: (Time is in decaauts)
 A = Elapsed time spent in this place.
 B = Non-inter-level travel time spent in this place.
 C = Inter-level travel time spent in this place.
 D = Time resting spent in this place.
 E = Time spent auto-exploring this place.
 F = Levels seen in this place.
 G = Mean time per level.
                   A        B        C        D        E       F      G
               +--------+--------+--------+--------+--------+-----+--------+
         Total |     79 |     79 |      0 |     11 |     20 |   1 |   79.0 |
       Dungeon |     79 |     79 |      0 |     11 |     20 |   1 |   79.0 |
               +--------+--------+--------+--------+--------+-----+--------+

Top non-repeatable levels by time:
     D:1: 79 daAuts
